 Dungeon Crawl Stone Soup version 0.32-a0-711-g016ad743e0 (webtiles) character file.

Game seed: 17882300867720392474

2345 YordlordTheGreat the Carver (level 9, 0/68 HPs)
             Began as a Merfolk Summoner on Mar 15, 2024.
             Was a Follower of Sif Muna.
             Slain by a +7 mace "Fish" {spect, Int+3} (16 damage)
             ... created by an orc warrior
             ... in a bailey.
             The game lasted 00:19:37 (8067 turns).

YordlordTheGreat the Carver (Merfolk Summoner)      Turns: 8067, Time: 00:19:38

Health: 0/68       AC:  6    Str: 15    XL:     9   Next: 43%
Magic:  10/15      EV: 12    Int: 14    God:    Sif Muna [*.....]
Gold:   624        SH:  0    Dex: 18    Spells: 10/16 levels left

rFire   . . .        C - +0 long sword (venom)
rCold   . . .        (no shield)
rNeg    . . .        h - +0 ring mail
rPois   .            n - +0 helmet
rElec   .            (no cloak)
rCorr   .            (no gloves)
SInv    .            (no boots)
Will    .....        o - amulet of magic regeneration
Stlth   ++           e - +6 ring of strength
HPRegen 0.31/turn    (no ring)
MPRegen 0.54/turn

%: no passive effects
@: unable to call your familiar
A: (nimble swimmer 2), mertail
a: Renounce Religion, Channel Magic


You were in a bailey.
You worshipped Sif Muna.
Sif Muna was aware of your devotion.
You visited 2 branches of the dungeon, and saw 8 of its levels.
You also visited: Bailey.

You collected 704 gold pieces.
You spent 80 gold pieces at shops.

Inventory:

Hand Weapons
 z - a +3 long sword
 C - a +0 long sword of venom (weapon)
Missiles
 l - 13 poisoned darts
 m - 6 darts of dispersal
 D - 4 datura-tipped darts
Armour
 h - a +0 ring mail (worn)
 n - a +0 helmet (worn)
 A - a +0 buckler
Jewellery
 e - a +6 ring of strength (left hand)
 o - an amulet of magic regeneration (around neck)
Wands
 c - a wand of polymorph (3)
 d - a wand of warping (17)
 j - a wand of charming (8)
 w - a wand of mindburst (8)
Scrolls
 a - a scroll of teleportation
 f - 2 scrolls of poison
 i - a scroll of revelation
 k - a scroll of vulnerability
 s - a scroll of butterflies
 t - a scroll of fog
 v - 2 scrolls of fear
 y - a scroll of amnesia
Potions
 b - a potion of magic
 g - a potion of lignification
 p - a potion of mutation {unknown}
 q - 2 potions of resistance {unknown}
 r - a potion of might
 u - a potion of heal wounds
 x - a potion of attraction {unknown}
 B - a potion of enlightenment {unknown}


   Skills:
 - Level 5.0 Fighting
 * Level 9.2 Long Blades
 + Level 4.7 Dodging
 - Level 2.1 Stealth
 - Level 4.0 Spellcasting
 + Level 7.6 Summonings
 + Level 2.1 Invocations


You had 10 spell levels left.
You knew the following spells:

 Your Spells              Type           Power      Damage    Failure   Level
a - Summon Small Mammal   Summ           96%        N/A       1%          1
b - Call Imp              Summ           48%        N/A       2%          2
c - Call Canine Familiar  Summ           24%        N/A       4%          3

Your spell library contained the following spells:

 Spells                   Type           Power      Damage    Failure   Level
 Magic Dart               Conj           8%         1d3       36%         1
 Blink                    Tloc           4%         N/A       50%         2
 Searing Ray              Conj           4%         2d4       50%         2
 Summon Blazeheart Golem  Fire/Summ      13%        N/A       63%         4
 Summon Lightning Spire   Summ/Air       13%        N/A       63%         4
 Fulminant Prism          Conj/Alch      1%         3d5       98%         4


Dungeon Overview and Level Annotations

Branches:
Dungeon (7/15)             Temple (1/1) D:7          Bailey (1/1)

Altars:
Ashenzari
Cheibriados
Dithmenos
Elyvilon
Fedhas
Gozag
Hepliaklqana
Kikubaaqudgha
Makhleb
Nemelex Xobeh
Okawaru
Qazlal
Ru
Sif Muna
Trog
Uskayaw
Vehumet
Wu Jian
Xom
Yredelemnul

Shops:
D:4 ?=:


Innate Abilities, Weirdness & Mutations

((You are very nimble when in or above water. (Stealth+, EV+, Speed+++)))
Your lower body shifts to a powerful aquatic tail in water.


Message History

Unknown command.
Casting: Summon Small Mammal (safe; 1% risk of failure)
Confirm with . or Enter, or press ? or * to list all spells.
The orc warrior hits your cerulean imp with the +7 mace "Fish"!
Your cerulean imp dies!
Your cerulean imp disappears in a puff of smoke!
You catch the helpless orc warrior completely off-guard!
You hit the orc warrior but do no damage.
The orc warrior looks even sicker.
The orc warrior is severely wounded.
The orc warrior closely misses you.
The +7 mace "Fish" {spect, Int+3} hits you.
Your bat hits the +7 mace "Fish" {spect, Int+3} but does no damage.
A +7 mace "Fish" {spect, Int+3} comes into view.
You closely miss the orc warrior.
The orc warrior is severely wounded.
Your bat hits the +7 mace "Fish" {spect, Int+3} but does no damage.
The orc warrior hits you with the +7 mace "Fish"!
* * * LOW HITPOINT WARNING * * *
The +7 mace "Fish" {spect, Int+3} hits you.
* * * LOW HITPOINT WARNING * * *
Your magical contamination has completely faded away.
Unknown command.
Your bat barely misses the +7 mace "Fish" {spect, Int+3}.
Your quokka bites the +7 mace "Fish" {spect, Int+3} but does no damage.
Unknown command.
You feel much better.
Your quokka bites the orc warrior but does no damage.
The +7 mace "Fish" {spect, Int+3} disappears.
The orc warrior hits your quokka with the +7 mace "Fish"!
Your quokka dies!
Your quokka's corpse disappears in a puff of smoke!
Unknown command.
You hit the orc warrior but do no damage.
The orc warrior is almost dead.
Your bat hits the orc warrior but does no damage.
The orc warrior hits you with the +7 mace "Fish"!
* * * LOW HITPOINT WARNING * * *
The +7 mace "Fish" {spect, Int+3} hits you!
You die...

#....~~.......~~....#
#.###~~.......~~###.#
#....~~.......~~....#
#####~~.......~~#####
##~.......~##
####'''#### ##.....##
#∩...§.∩# #...ß(@.#
##..bo§## ###K###
#...# .......
...........
...............
...............
#.............#


You could see an orc warrior (very poisoned, ally target), a kobold brigand, a
+7 mace "Fish" {spect, Int+3} (wandering) and a friendly bat (summoned).

Vanquished Creatures
  A hornet (D:7)
  Sigmund (D:4)
  A water moccasin (D:6)
  An ice beast (D:7)
  4 black bears
  2 kobold brigands
  A phantom (D:5)
  A howler monkey (D:5)
  A hound (D:3)
  A gnoll bouda (D:5)
  3 iguanas
  An orc wizard (D:4)
  A gnoll (D:5)
  3 adders
  2 shadow imps (D:7)
  A ribbon worm (D:3)
  6 orcs
  4 bats
  2 goblins (D:7)
  2 quokkas
  2 ball pythons
  8 kobolds
49 creatures vanquished.

Vanquished Creatures (collateral kills)
  Eustachio (D:5)
  5 kobold brigands
  A scorpion (D:5)
  4 orc priests
  A hound (D:6)
  2 iguanas (D:6)
  2 orc wizards
  7 gnolls
  5 adders
  A dart slug (D:3)
  2 ribbon worms (D:4)
  12 orcs
  5 ball pythons
  6 endoplasms
  A giant cockroach (D:2)
  5 goblins
  3 hobgoblins (D:1)
  17 kobolds
  A quokka (D:1)
  3 bats
  2 frilled lizards
  3 rats
89 creatures vanquished.

Grand Total: 138 creatures vanquished

Notes
Turn   | Place    | Note
-------+----------+-------------------------------------------
     0 | D:1      | YordlordTheGreat the Merfolk Summoner began the quest for
                  | the Orb.
     0 | D:1      | Reached XP level 1. HP: 13/13 MP: 3/3
   192 | D:1      | Reached XP level 2. HP: 20/20 MP: 0/5
   200 | D:1      | Reached skill level 1 in Fighting
   205 | D:1      | Learned a level 2 spell: Call Imp
   956 | D:1      | Reached XP level 3. HP: 26/26 MP: 3/6
  1322 | D:2      | Learned a level 3 spell: Call Canine Familiar
  1400 | D:2      | Found a faded altar of an unknown god.
  1555 | D:2      | Found a sacrificial altar of Ru.
  2226 | D:3      | Reached skill level 1 in Long Blades
  2226 | D:3      | Reached XP level 4. HP: 25/33 MP: 2/7
  2684 | D:3      | Reached skill level 2 in Long Blades
  2989 | D:3      | Reached XP level 5. HP: 31/38 MP: 1/8
  3131 | D:4      | Reached skill level 5 in Summonings
  3590 | D:4      | Found Omiskok's Book Shoppe.
  3601 | D:4      | Reached skill level 3 in Long Blades
  3601 | D:4      | Reached XP level 6. HP: 31/46 MP: 2/10
  3613 | D:4      | Noticed Sigmund
  3641 | D:4      | Killed Sigmund
  3651 | D:4      | Reached skill level 4 in Long Blades
  3832 | D:4      | Found Jaisch's Jewellery Emporium.
  3894 | D:4      | Found a basalt altar of Yredelemnul.
  3980 | D:4      | Found Noacat's Magic Scroll Shop.
  3988 | D:4      | Bought a scroll of fear for 40 gold pieces
  3988 | D:4      | Bought a scroll of identify for 20 gold pieces
  3988 | D:4      | Bought a scroll of identify for 20 gold pieces
  4077 | D:4      | Reached XP level 7. HP: 51/52 MP: 4/11
  4511 | D:5      | Entered Level 5 of the Dungeon
  4844 | D:5      | Found a blossoming altar of Fedhas.
  5014 | D:5      | Reached skill level 5 in Long Blades
  5428 | D:5      | Reached XP level 8. HP: 13/60 MP: 6/13
  5627 | D:5      | Noticed Eustachio
  5833 | D:5      | Killed Eustachio
  5834 | D:5      | Reached skill level 6 in Long Blades
  6522 | D:6      | Reached skill level 7 in Long Blades
  6638 | D:6      | Found a shadowy altar of Dithmenos.
  6644 | D:6      | Found a hide-covered altar of Uskayaw.
  6646 | D:6      | Found a bloodstained altar of Trog.
  6985 | D:6      | Reached skill level 5 in Fighting
  7317 | D:6      | Reached skill level 8 in Long Blades
  7381 | D:6      | Found a sacrificial altar of Ru.
  7545 | D:7      | Noticed a hornet
  7547 | D:7      | Paralysed by a hornet for 2 turns
  7570 | D:7      | Paralysed by a hornet for 3 turns
  7673 | D:7      | Found a staircase to the Ecumenical Temple.
  7694 | D:7      | Reached XP level 9. HP: 57/68 MP: 13/15
  7697 | Temple   | Entered the Ecumenical Temple
  7709 | Temple   | Became a worshipper of Sif Muna the Loreminder
  7750 | D:7      | Found a flagged portal.
  7760 | D:7      | Killed a hornet
  7761 | D:7      | Reached skill level 1 in Invocations
  7801 | Bailey   | Entered a bailey
  7871 | Bailey   | Reached * piety under Sif Muna
  7900 | Bailey   | Reached skill level 9 in Long Blades
  8050 | Bailey   | Identified the +7 mace "Fish" {spect, Int+3}
  8067 | Bailey   | Slain by a +7 mace "Fish" {spect, Int+3}

Illustrated notes

Levels and vault maps discovered:
D:1:      lightli_iron_boxes, layout_loops_ring, glass_columns_a
D:2:      layout_basic, basic_altar, shapermc_ecumenical_altar_gd,
          minmay_misc_feat_iff
D:3:      layout_loops_ring, minmay_cut_off
D:4:      layout_cave_pods, nicolae_overflow_crystal_walls, serial_shops,
          nicolae_book_shop_shelving, shop_statue, shop, uniq_sigmund
D:5:      layout_rooms, fedhas_altar_decomposition, uniq_eustachio
D:6:      layout_layer_cave, grunt_temple_overflow_diamond, kennysheep_mini,
          kennysheep_generic_room_3
D:7:      layout_loops_ring, minmay_temple_entry_hall, enter_bailey_5,
          minmay_manual_moon
Temple:   nicolae_temple_great_sept
Bailey:   bailey_axe_3, bailey

Skill      XL: |  1  2  3  4  5  6  7  8  9 |
---------------+----------------------------+-----
Fighting       | 1 2 3 5 |  5.0
Dodging        | 3 4 |  4.7
Long Blades    | 1 2 3 4 5 8 9 |  9.2
Summonings     | 5 6 7 |  7.6
Spellcasting   | 3 4 |  4.0
Invocations    | 2 |  2.1
Stealth        | |  2.1

Action                     |  1- 3 |  4- 6 |  7- 9 || total
---------------------------+-------+-------+-------++-------
  Melee: Unarmed           |    15 |       |       ||    15
         Dagger            |    26 |       |       ||    26
         Falchion          |     8 |   118 |    84 ||   210
         Long sword        |       |       |    78 ||    78
         Tailslap          |       |       |     1 ||     1
   Cast: Summon Small Mamm |    36 |    33 |    70 ||   139
         Call Imp          |    15 |    18 |    31 ||    64
         Call Canine Famil |       |     2 |    37 ||    39
  Evoke: Wand              |       |       |     1 ||     1
    Use: Potion            |       |     4 |     1 ||     5
         Scroll            |       |       |    12 ||    12
   Stab: Distracted        |     1 |     1 |     3 ||     5
         Sleeping          |     1 |       |       ||     1
 Armour: Robe              |    29 |       |       ||    29
         Ring mail         |    29 |   117 |   173 ||   319
         Skin              |       |    31 |       ||    31
  Dodge: Dodged            |    49 |    84 |   154 ||   287

Table legend: (Time is in decaauts)
 A = Elapsed time spent in this place.
 B = Non-inter-level travel time spent in this place.
 C = Inter-level travel time spent in this place.
 D = Time resting spent in this place.
 E = Time spent auto-exploring this place.
 F = Levels seen in this place.
 G = Mean time per level.
                   A        B        C        D        E       F      G
               +--------+--------+--------+--------+--------+-----+--------+
         Total |   8096 |   7669 |    427 |    729 |   5127 |   9 |  899.6 |
       Dungeon |   7811 |   7395 |    416 |    729 |   4972 |   7 | 1115.9 |
        Temple |     24 |     13 |     11 |      0 |      0 |   1 |   24.0 |
        Bailey |    260 |    260 |      0 |      0 |    155 |   1 |  260.0 |
               +--------+--------+--------+--------+--------+-----+--------+

Top non-repeatable levels by time:
     D:4: 1973 daAuts
     D:6: 1460 daAuts
     D:3: 1187 daAuts
     D:1: 1146 daAuts
     D:5: 1023 daAuts
     D:2: 761 daAuts
  Bailey: 260 daAuts
     D:7: 258 daAuts
  Temple: 24 daAuts
